 Dungeon Crawl Stone Soup version 0.29-a0-359-g541a27f54d (webtiles) character file.

Game seed: 4543208468499511829

159 kevlar127 the Ruffian (level 5, -12/50 (53) HPs)
             Began as a Troll Berserker on Apr 27, 2022.
             Was a Priest of Trog.
             Mangled by a wight
             ... wielding a +2 battleaxe
              (20 damage)
             ... on level 4 of the Dungeon.
             The game lasted 00:05:43 (2035 turns).

kevlar127 the Ruffian (Troll Berserker)             Turns: 2035, Time: 00:05:44

HP:   -12/50 (53)   AC:  4    Str: 27    XL:     5   Next: 17%
MP:   4/4           EV: 10    Int:  3    God:    Trog [***...]
Gold: 229           SH:  0    Dex:  9    Spells: 4/4 levels left

rFire   . . .      SeeInvis .     - Unarmed
rCold   . . .      Faith    .   (no shield)
rNeg    . . .      Spirit   .   a - +0 animal skin
rPois   .          Reflect  .   (helmet restricted)
rElec   .          Harm     .   (no cloak)
rCorr   .          Rampage  .   (gloves unavailable)
Will    .....                   (boots unavailable)
Stlth   +.........              (no amulet)
HPRegen 0.96/turn               (no ring)
MPRegen 0.09/turn               (no ring)

@: drained
A: large, unfitting armour, claws 3, regeneration 1, shaggy fur 1, tough skin 1
a: Renounce Religion, Berserk, Trog's Hand


You were on level 4 of the Dungeon.
You worshipped Trog.
Trog was most pleased with you.
You visited 1 branch of the dungeon, and saw 4 of its levels.

You collected 229 gold pieces.

Inventory:

Missiles
 j - 2 stones (quivered)
 m - 4 boomerangs
 o - 2 throwing nets
Armour
 a - a +0 animal skin (worn)
Scrolls
 g - 3 scrolls of identify {unknown}
 h - 3 scrolls of brand weapon {unknown}
 l - a scroll of amnesia {unknown}
Potions
 b - 2 potions of might {unknown}
 c - 2 potions of magic {unknown}
 d - a potion of haste {unknown}
 e - a potion of invisibility {unknown}
 f - a potion of heal wounds {unknown}
 i - a potion of attraction {unknown}
 k - a potion of lignification {unknown}
 n - a potion of cancellation {unknown}


   Skills:
 + Level 3.5 Fighting
 + Level 1.0 Throwing
 - Level 3.0 Dodging
 + Level 4.2 Unarmed Combat


You had 4 spell levels left.
You didn't know any spells.
Your spell library was empty.

Dungeon Overview and Level Annotations

Branches:
Dungeon (4/15)
 Temple: D:4-7

Altars:
Elyvilon
Fedhas
Kikubaaqudgha
Nemelex Xobeh
Sif Muna
Vehumet
Xom


Innate Abilities, Weirdness & Mutations

You are too large for most types of armour.
You have claws for hands.
Your natural rate of healing is unusually fast.
You are covered in fur. (AC +1)
You have tough skin. (AC +1)


Message History

There is an open door here.
There is a stone staircase leading down here.
You see here a +0 dagger.
You see here a +0 robe.
Search for what [Enter for "armor", or ? for help]?
Search for what [Enter for "armor", or ? for help]?
Okay, then.
Done exploring.
Done exploring.
Done exploring.
You see here a +0 dagger.
There is a stone staircase leading down here.
You climb downwards.
There is a stone staircase leading up here.
Found a stone staircase leading down.
Found a stone staircase leading down.
You barely miss the wight. You barely miss the wight.
The wight closely misses you.
You closely miss the wight. The wight hits you with a +2 battleaxe.
You claw the wight!
The wight is heavily damaged.
The wight hits you with a +2 battleaxe!
You scratch the wight.
The wight is severely damaged.
The wight hits you with a +2 battleaxe!
You feel drained.
You are too injured to fight recklessly!
You are too injured to fight recklessly!
You are too injured to fight recklessly!
You are too injured to fight recklessly!
You are too injured to fight recklessly!
You are too injured to fight recklessly!
You closely miss the wight.
The wight is severely damaged.
The wight hits you with a +2 battleaxe!
* * * LOW HITPOINT WARNING * * *
A wight comes into view. It is wielding a +2 battleaxe.
You scratch the wight.
The wight is almost destroyed.
The wight hits you with a +2 battleaxe!!
You die...

.# . .# .>
.# ... .#
.... .#
.>... .#
.....z####.#
......z@.<.#
#..#########


You could see 2 wights.

Vanquished Creatures
  A jelly (D:3)
  Robin (D:2)
  3 adders
  A worm (D:2)
  4 orcs (D:3)
  5 ball pythons
  4 endoplasms
  12 giant cockroaches
  17 goblins
  2 hobgoblins (D:2)
  3 jackals (D:1)
  3 quokkas
  4 bats
  5 frilled lizards
  7 kobolds
  5 rats
77 creatures vanquished.

Notes
Turn   | Place    | Note
-------+----------+-------------------------------------------
     0 | D:1      | kevlar127 the Troll Berserker began the quest for the Orb.
     0 | D:1      | Reached XP level 1. HP: 22/22 MP: 0/0
    83 | D:1      | Found a faded altar of an unknown god.
   143 | D:1      | Reached XP level 2. HP: 29/29 MP: 1/1
   830 | D:2      | Reached XP level 3. HP: 36/36 MP: 2/2
   964 | D:2      | Reached ** piety under Trog
  1019 | D:2      | Found a white marble altar of Elyvilon.
  1021 | D:2      | Noticed Robin
  1035 | D:2      | Reached XP level 4. HP: 43/45 MP: 3/3
  1054 | D:2      | Killed Robin
  1536 | D:3      | Reached skill level 4 in Unarmed Combat
  1611 | D:3      | Reached *** piety under Trog
  1642 | D:3      | Reached XP level 5. HP: 53/53 MP: 4/4
  1767 | D:3      | Reached skill level 1 in Throwing
  1907 | D:3      | Found a radiant altar of Vehumet.
  1909 | D:3      | Found an ancient bone altar of Kikubaaqudgha.
  1913 | D:3      | Found a sparkling altar of Nemelex Xobeh.
  1914 | D:3      | Found a blossoming altar of Fedhas.
  1915 | D:3      | Found a white marble altar of Elyvilon.
  1921 | D:3      | Found a shimmering blue altar of Sif Muna.
  1922 | D:3      | Found a shimmering altar of Xom.
  2035 | D:4      | Mangled by a wight

Illustrated notes

Levels and vault maps discovered:
D:1:      mrwooster_arrival_statue_3, layout_loops_ring,
          chequers_ecumenical_altar_grove
D:2:      layout_loops_ring, basic_altar, uniq_robin
D:3:      minmay_roachtagon, layout_basic, minitemple
D:4:      layout_basic, saegor_snake_ambush, uniq_edmund, uniq_menkaure

Skill      XL: |  1  2  3  4  5 |
---------------+----------------+-----
Fighting       | 3 |  3.5
Dodging        | 3 |  3.0
Unarmed Combat | 4 |  4.2
Throwing       | 1 |  1.0

Action                   |  1- 3 |  4- 6 || total
-------------------------+-------+-------++-------
Melee: Unarmed           |    96 |    92 ||   188
       Punch             |     2 |     2 ||     4
 Stab: Sleeping          |     1 |       ||     1
Armor: Animal skin       |    32 |    27 ||    59
Dodge: Dodged            |    42 |    45 ||    87

Table legend: (Time is in decaauts)
 A = Elapsed time spent in this place.
 B = Non-inter-level travel time spent in this place.
 C = Inter-level travel time spent in this place.
 D = Time resting spent in this place.
 E = Time spent auto-exploring this place.
 F = Levels seen in this place.
 G = Mean time per level.
                   A        B        C        D        E       F      G
               +--------+--------+--------+--------+--------+-----+--------+
         Total |   2021 |   1838 |    183 |     36 |   1410 |   4 |  505.2 |
       Dungeon |   2021 |   1838 |    183 |     36 |   1410 |   4 |  505.2 |
               +--------+--------+--------+--------+--------+-----+--------+

Top non-repeatable levels by time:
     D:1: 752 daAuts
     D:2: 671 daAuts
     D:3: 588 daAuts
     D:4: 8 daAuts
